 Dungeon Crawl Stone Soup version 0.20-a0-1017-gc3250ce (webtiles) character file.

17289 Fuzzwah the Cleaver (level 12, -1/105 HPs)
             Began as a Minotaur Berserker on Apr 15, 2017.
             Was a High Priest of Trog.
             Killed by divine providence
             ... invoked by an orc high priest
              (11 damage)
             ... on level 2 of the Orcish Mines on Apr 16, 2017.
             The game lasted 00:49:18 (10765 turns).

Fuzzwah the Cleaver (Minotaur Berserker)           Turns: 10765, Time: 00:49:19

Health: -1/105     AC: 18    Str: 24    XL:     12   Next: 17%
Magic:  14/14      EV: 13    Int:  4    God:    Trog [*****.]
Gold:   520        SH:  0    Dex: 15    Spells: 11/11 levels left

rFire    + . .     SeeInvis .   h - +5 battleaxe of Dismemberment {holy, rC+ rN+ Stlth-}
rCold    + + .     Gourm    .   (shield currently unavailable)
rNeg     + + +     Faith    +   b - +0 chain mail {rF+}
rPois    .         Spirit   .   (helmet restricted)
rElec    .         Reflect  .   i - +1 cloak
rCorr    .         Harm     .   u - +0 pair of gloves
MR       .....                  D - +0 pair of boots of Cheibriados's Esteem {rN++ MR-}
Stlth    ..........             e - amulet of faith {Faith, !P}
Regen    0.3/turn               C - +2 ring of dexterity
MPRegen  0.2/turn               G - ring of protection from cold {rC+, !d}

@: exhausted, slowed, very slow
A: retaliatory headbutt, horns 2
a: Berserk, Trog's Hand, Brothers in Arms, Burn Spellbooks, Renounce Religion


You were on level 2 of the Orcish Mines.
You worshipped Trog.
Trog was extremely pleased with you.
You were very hungry.

You visited 2 branches of the dungeon, and saw 13 of its levels.

You collected 795 gold pieces.
You spent 275 gold pieces at shops.

Inventory:

Hand Weapons
 h - the +5 battleaxe of Dismemberment (weapon) {holy, rC+ rN+ Stlth-}
   (Trog gifted it to you on level 11 of the Dungeon)

   It has been blessed by the Shining One to cause great damage to the undead
   and demons.
   It protects you from cold.
   It protects you from negative energy.
   It makes you less stealthy.
 x - a +4 executioner's axe of flaming
   (Trog gifted it to you on level 10 of the Dungeon)
 B - the +3 hunting sling of Defilement {venom, rPois}
   (You found it on level 11 of the Dungeon)

   It poisons the ammo it fires.
   It protects you from poison.
Missiles
 g - 2 throwing nets {=f, !d}
 t - 2 javelins of returning
 A - 6 tomahawks (quivered)
Armour
 b - a +0 chain mail of fire resistance (worn)
   (You found it on level 7 of the Dungeon)
 i - a +1 cloak (worn)
   (You found it on level 1 of the Dungeon)
 u - a +0 pair of gloves (worn)
   (You found it on level 3 of the Dungeon)
 D - the +0 pair of boots of Cheibriados's Esteem (worn) {rN++ MR-}
   (You bought it in a shop on level 6 of the Dungeon)

   It greatly protects you from negative energy.
   It affects your resistance to hostile enchantments.
Jewellery
 e - an amulet of faith (around neck) {Faith, !P}
   (You found it on level 1 of the Dungeon)
 C - a +2 ring of dexterity (left hand)
   (You found it on level 5 of the Dungeon)
 G - a ring of protection from cold (right hand) {rC+, !d}
   (You found it on level 11 of the Dungeon)
Wands
 j - a wand of lightning (15/15)
   (You found it on level 7 of the Dungeon)
 k - a wand of acid (5/15)
   (You found it on level 10 of the Dungeon)
 r - a wand of paralysis (11/24)
   (You found it on level 9 of the Dungeon)
 y - a wand of scattershot (3/9)
   (You took it off a gnoll sergeant on level 5 of the Dungeon)
 z - a wand of iceblast (2/15)
   (You found it on level 9 of the Dungeon)
Scrolls
 f - 12 scrolls of teleportation
 o - a scroll of magic mapping {!r}
 q - 3 scrolls of remove curse
 v - a scroll of immolation {!r}
 H - a scroll of identify {@r1}
Potions
 d - 3 potions of flight
 m - 2 potions of invisibility
 p - 2 potions of haste
 w - a potion of lignification {!q}
 E - 2 potions of agility
Comestibles
 a - 4 royal jellies
 c - 8 bread rations {@e1}
 l - 8 meat rations {@e2}
 F - 3 fruits


   Skills:
 + Level 9.5 Fighting
 * Level 12.7 Axes
 + Level 6.8 Throwing
 * Level 12.7 Armour
 + Level 8.3 Dodging
 + Level 4.4 Evocations


You had 11 spell levels left.
You didn't know any spells.

Dungeon Overview and Level Annotations

Branches:
Dungeon (11/15)            Temple (0/1) D:4            Lair (0/6) D:11
    Orc (2/2) D:11            Elf (0/3) Orc:2

Altars:
Ashenzari
Cheibriados
Dithmenos
Elyvilon
Makhleb
Trog
Uskayaw
Vehumet
Wu Jian
Yredelemnul
The Shining One

Shops:
D:6 [

Annotations:
D:7 4 runed doors
Orc:2 Maurice


Innate Abilities, Weirdness & Mutations

You reflexively headbutt those who attack you in melee.
You have a pair of horns on your head.


Message History

The orc high priest mumbles some strange prayers to Beogh.
You regained 2 hp, and now have 98/105 hp.
Things that are here:
a dagger; a robe You regained 2 hp, and now have 100/105 hp.
A - 6 tomahawks (gained 2)
Items here: )) [[ † a battleaxe; a chain mail; a flail; a chain mail; an orc corpse The orc high priest utters an invocation to Beogh.
You regained 4 hp, and now have 104/105 hp.
Items here: ))))) [[[ †† Health restored: 105 An orc high priest comes into view.
It is wielding a scimitar.
The orc high priest shouts!
The orc high priest moves out of view.
The ynoxinul gestures at you. The iron shot hits you!
Items here: )) [[ † a battleaxe; a chain mail; a flail; a chain mail; an orc corpse You take 19 damage, and have 86/105 hp.
Maurice the Thief comes into view.
He is wielding a short sword.
You feel the effects of Trog's Hand fading.
Maurice shouts!
The orc high priest calls down the wrath of Beogh upon you.
Beogh smites you! The ynoxinul barely misses you.
An orc sorcerer comes into view.
It is wielding a dagger of electrocution.
The orc sorcerer shouts!
An orc high priest comes into view. It is wielding a long sword.
The orc high priest shouts!
Things that are here:
a dagger; a robe You take 13 damage, and have 73/105 hp.
You closely miss the orc high priest. You hit the ynoxinul.
The ynoxinul convulses.
The orc high priest moves out of view.
The ynoxinul completely misses you. You furiously retaliate!
You headbutt the ynoxinul!
The ynoxinul hits you but does no damage.
You regained 2 hp, and now have 75/105 hp.
You barely miss the orc high priest. You slash the ynoxinul!
You kill the ynoxinul!
You completely miss the orc high priest.
The orc high priest hits you with a glaive.
The orc high priest mumbles some strange prayers to Beogh against you.
Beogh smites you!
The orc high priest hits you with a scimitar.
The orc high priest hits you but does no damage.
You take 23 damage, and have 52/105 hp.
MASSIVE DAMAGE!!
You hit the orc high priest. You headbutt the orc high priest!
You hit the orc high priest. The orc high priest closely misses you.
You furiously retaliate!
You headbutt the orc high priest, but do no damage.
The orc high priest hits you but does no damage.
Maurice hits you with a short sword. Maurice steals your 3 potions of might!
The orc high priest mumbles some strange prayers to Beogh against you.
Beogh smites you!
The orc high priest hits you but does no damage.
You take 12 damage, and have 40/105 hp.
You hit the orc high priest. x2; You closely miss Maurice.
Your skin stops crawling.
You feel less resistant to hostile enchantments.
The orc high priest hits you with a glaive.
The orc sorcerer shouts, "You can't withstand my power!"
Maurice drinks a potion.
Maurice seems to grow stronger.
The orc high priest misses you.
You take 6 damage, and have 34/105 hp.
As you read the scroll of fear, it crumbles to dust.
You assume a fearsome visage.
The chaos spawn is unaffected.
The orc high priest resists with almost no effort.
The orc high priest looks frightened!
The orc sorcerer looks frightened!
The orc high priest looks frightened!
Maurice looks frightened!
Maurice gestures wildly while chanting.
Maurice looks slightly unstable.
The orc high priest utters an invocation to Beogh.
The orc high priest tries to recover its lost courage.
The orc high priest closely misses you.
The orc high priest begs for mercy.
The orc high priest hits you but does no damage.
Items here: )) [[ † a battleaxe; a chain mail; a flail; a chain mail; an orc corpse Maurice disappears!
The sixfirhy hits you. The sixfirhy shocks you!
* * * LOW HITPOINT WARNING * * *
The sixfirhy hits you but does no damage.
The orc high priest closely misses you. The sixfirhy closely misses you.
Items here: ))))) [[[ †† You take 10 damage, and have 25/105 hp.
The sixfirhy misses you. You furiously retaliate!
You headbutt the sixfirhy! The sixfirhy barely misses you.
The sixfirhy hits you but does no damage. x2
The sixfirhy hits you.
* * * LOW HITPOINT WARNING * * *
The sixfirhy shocks you!
* * * LOW HITPOINT WARNING * * *
Items here: ))) [[[ † You take 15 damage, and have 10/105 hp.
The orc high priest calls down the wrath of Beogh upon you.
Beogh smites you!
You die...

..............#
..<...........## ......
.............#.## ......
............#...# #......
........#.......# ...o$#.
................# .......
................######.......
...........#.....)34)).......
..........###...@))o)))(..o..
#.....#....###...######...###
............##..## .....
...........#.#.## ....
...............# #..
...............# .
.............#.#
...........$.#.#
.#.............#


You could see an orc high priest, a sixfirhy and a chaos spawn.

Vanquished Creatures
  The ghost of Bunnehwyld the Basher, a journeyman OgHu of Qazlal (D:8)
  Fannar (D:10)
  The ghost of Magifyre the Cleaver, a journeyman FoFi of the Shining One (D:10)
  2 two-headed ogres
  3 unseen horrors
  Pikel (D:6)
  2 ugly things
  A manticore (D:11)
  A gargoyle (D:11)
  A kobold demonologist (D:11)
  A troll (Orc:2)
  A hornet (D:9)
  Prince Ribbit (D:9)
  A hippogriff (D:10)
  2 wraiths (D:11)
  Grum (D:9)
  2 hungry ghosts
  3 wargs
  A swamp drake (D:11)
  A slave (D:6)
  14 orc warriors
  5 phantoms
  7 ice beasts
  A sky beast (D:5)
  2 necrophages (D:10)
  3 centaurs
  11 ogres
  4 wolves (D:9)
  A crocodile (D:11)
  3 big kobolds
  A gnoll sergeant (D:5)
  A wyvern zombie (D:9)
  8 bullfrogs
  A wyvern skeleton (D:10)
  A scorpion (D:11)
  6 killer bees (D:10)
  A howler monkey (D:11)
  7 crimson imps
  A quasit (D:8)
  8 hounds
  22 orc priests
  Crazy Yiuf (D:3)
  2 bullfrog skeletons
  A gnoll shaman (D:8)
  3 jellies
  28 orc wizards
  A centaur skeleton (D:11)
  Ijyb (D:3)
  3 iguanas
  7 worker ants
  Robin (D:2)
  A howler monkey zombie (D:5)
  11 adders
  14 gnolls
  4 shadow imps
  An ooze (D:1)
  An adder skeleton (D:6)
  2 worms
  A dart slug (D:1)
  7 leopard geckos
  69 orcs
  11 bats
  4 giant cockroaches
  14 goblins
  6 hobgoblins
  3 jackals (D:3)
  16 kobolds
  A quokka (D:3)
  3 ball pythons
  5 frilled lizards
  8 rats
  A plant (D:1)
367 creatures vanquished.

Vanquished Creatures (others)
  3 orc wizards
  3 orcs (D:6)
  A quokka (D:6)
7 creatures vanquished.

Grand Total: 374 creatures vanquished

Notes
Turn   | Place    | Note
-------+----------+-------------------------------------------
     0 | D:1      | Fuzzwah the Minotaur Berserker began the quest for the Orb.
     0 | D:1      | Reached XP level 1. HP: 19/19 MP: 0/0
    52 | D:1      | Reached XP level 2. HP: 21/27 MP: 1/1
    97 | D:1      | Reached skill level 3 in Armour
   472 | D:1      | Reached skill level 4 in Axes
   648 | D:1      | Reached XP level 3. HP: 30/33 MP: 2/2
   730 | D:2      | Reached ** piety under Trog
   795 | D:2      | Reached skill level 4 in Fighting
  1122 | D:2      | Noticed Robin
  1135 | D:2      | Killed Robin
  1135 | D:2      | Reached XP level 4. HP: 27/40 MP: 3/3
  1245 | D:3      | Reached skill level 4 in Armour
  1248 | D:3      | Reached skill level 3 in Dodging
  1272 | D:3      | Reached *** piety under Trog
  1378 | D:3      | Reached XP level 5. HP: 46/47 MP: 4/4
  1677 | D:3      | Noticed Ijyb
  1690 | D:3      | Killed Ijyb
  1928 | D:3      | Found a runed door.
  2131 | D:3      | Noticed Crazy Yiuf
  2136 | D:3      | Killed Crazy Yiuf
  2136 | D:3      | Reached skill level 5 in Axes
  2136 | D:3      | Reached skill level 5 in Armour
  2397 | D:4      | Reached XP level 6. HP: 52/55 MP: 5/5
  2412 | D:4      | HP: 7/55 [orc priest/divine providence (12)]
  2810 | D:4      | Reached **** piety under Trog
  2810 | D:4      | Reached skill level 5 in Fighting
  2830 | D:4      | Found a staircase to the Ecumenical Temple.
  2888 | D:4      | Found an ornate altar of the Wu Jian Council.
  3125 | D:5      | Entered Level 5 of the Dungeon
  3227 | D:5      | Reached skill level 6 in Axes
  3227 | D:5      | Reached skill level 1 in Throwing
  3227 | D:5      | Reached skill level 6 in Armour
  3227 | D:5      | Reached XP level 7. HP: 60/61 MP: 6/6
  3418 | D:5      | Reached skill level 4 in Dodging
  3512 | D:5      | Reached skill level 2 in Throwing
  3516 | D:5      | Reached skill level 7 in Armour
  3516 | D:5      | Reached XP level 8. HP: 69/69 MP: 7/7
  3526 | D:5      | Reached skill level 7 in Axes
  3837 | D:5      | Noticed a moth of wrath
  3840 | D:5      | Found a bloodstained altar of Trog.
  4061 | D:6      | Noticed Pikel
  4061 | D:6      | Reached ***** piety under Trog
  4075 | D:6      | Killed Pikel
  4075 | D:6      | Reached skill level 6 in Fighting
  4075 | D:6      | Reached skill level 8 in Axes
  4075 | D:6      | Reached skill level 3 in Throwing
  4075 | D:6      | Reached skill level 8 in Armour
  4075 | D:6      | Reached skill level 5 in Dodging
  4469 | D:6      | Upgraded the game from 0.20-a0-1016-g241539b to 0.20-a0-1017-gc3250ce
  4478 | D:6      | Reached XP level 9. HP: 71/78 MP: 8/8
  4655 | D:6      | Found Jilang's Antique Armour Shop.
  4663 | D:6      | Bought a pair of dazzling boots for 275 gold pieces
  4668 | D:6      | Identified the cursed +0 pair of boots of Cheibriados's Esteem {rN++ MR-} (You bought it in a shop on level 6 of the Dungeon)
  5154 | D:7      | Found a burning altar of Makhleb.
  5154 | D:7      | Noticed a cacodemon
  5225 | D:7      | Reached skill level 9 in Armour
  5260 | D:7      | Found a radiant altar of Vehumet.
  5260 | D:7      | Found a shattered altar of Ashenzari.
  5261 | D:7      | Found a white marble altar of Elyvilon.
  5304 | D:7      | Reached skill level 4 in Throwing
  5313 | D:7      | Reached skill level 7 in Fighting
  5313 | D:7      | Reached skill level 9 in Axes
  5380 | D:7      | Found a huge runed gate.
  5380 | D:7      | Found a huge runed gate.
  5381 | D:7      | Found a huge runed gate.
  5382 | D:7      | Found a huge runed gate.
  5382 | D:7      | Noticed a polar bear
  5632 | D:8      | Noticed a two-headed ogre
  5641 | D:8      | Killed a two-headed ogre
  5641 | D:8      | Reached skill level 6 in Dodging
  5737 | D:8      | Found a glowing golden altar of the Shining One.
  5866 | D:8      | Reached skill level 10 in Armour
  5891 | D:8      | Reached XP level 10. HP: 75/86 MP: 9/9
  5973 | D:8      | Found a shadowy altar of Dithmenos.
  6033 | D:8      | Noticed Bunnehwyld's ghost (journeyman OgHu)
  6051 | D:8      | Killed Bunnehwyld's ghost
  6051 | D:8      | Reached skill level 10 in Axes
  6051 | D:8      | Reached skill level 1 in Evocations
  6175 | D:8      | Reached skill level 5 in Throwing
  6215 | D:8      | Received a gift from Trog
  6453 | D:9      | Noticed Grum
  6462 | D:9      | Killed Grum
  6563 | D:9      | Reached skill level 8 in Fighting
  6581 | D:9      | Noticed Prince Ribbit
  6585 | D:9      | Killed Prince Ribbit
  6587 | D:9      | Noticed a two-headed ogre
  6593 | D:9      | Killed a two-headed ogre
  6593 | D:9      | Reached skill level 7 in Dodging
  6593 | D:9      | Reached skill level 2 in Evocations
  6738 | D:9      | Reached skill level 11 in Armour
  6806 | D:9      | Reached skill level 11 in Axes
  7005 | D:9      | Found a basalt altar of Yredelemnul.
  7008 | D:9      | Found a snail-covered altar of Cheibriados.
  7009 | D:9      | Found a hide-covered altar of Uskayaw.
  7156 | D:10     | Entered Level 10 of the Dungeon
  7181 | D:10     | Got a diamond-encrusted ring mail
  7192 | D:10     | Identified the cursed +0 ring mail of Miracles {rElec} (You found it on level 10 of the Dungeon)
  7503 | D:10     | Noticed Fannar
  7525 | D:10     | Killed Fannar
  7525 | D:10     | Reached XP level 11. HP: 59/95 MP: 4/12
  7539 | D:10     | Killed an unseen horror
  7539 | D:10     | Reached skill level 3 in Evocations
  7810 | D:10     | Received a gift from Trog
  7865 | D:10     | Noticed Magifyre's ghost (journeyman FoFi)
  7877 | D:10     | Killed Magifyre's ghost
  7877 | D:10     | Reached skill level 6 in Throwing
  8640 | D:11     | Noticed a white ugly thing
  8649 | D:10     | Killed a white ugly thing
  8897 | D:11     | Noticed a sun demon
  9033 | D:11     | Reached skill level 12 in Axes
  9033 | D:11     | Reached skill level 12 in Armour
  9039 | D:11     | Noticed a red ugly thing
  9049 | D:11     | Killed a red ugly thing
  9049 | D:11     | Reached skill level 9 in Fighting
  9087 | D:11     | Received a gift from Trog
  9140 | D:11     | Killed an unseen horror
  9140 | D:11     | Reached skill level 8 in Dodging
  9146 | D:11     | Reached skill level 4 in Evocations
  9146 | D:11     | Killed an unseen horror
  9152 | D:11     | Found a staircase to the Lair.
  9267 | D:11     | Got a jewelled hunting sling
  9268 | D:11     | Identified the +3 hunting sling of Defilement {venom, rPois} (You found it on level 11 of the Dungeon)
  9636 | D:11     | Received a gift from Trog
  9637 | D:11     | Got a bloodstained battleaxe {god gift}
  9638 | D:11     | Identified the +5 battleaxe of Dismemberment {holy, rC+ rN+ Stlth-} (Trog gifted it to you on level 11 of the Dungeon)
  9740 | D:11     | Reached XP level 12. HP: 37/104 MP: 14/14
  9748 | D:11     | HP: 23/104 [orc warrior/glaive (9)]
  9940 | D:11     | Found a staircase to the Orcish Mines.
 10504 | Orc:1    | Entered Level 1 of the Orcish Mines
 10644 | Orc:2    | Entered Level 2 of the Orcish Mines
 10660 | Orc:2    | Found a staircase to the Elven Halls.
 10734 | Orc:2    | Received a gift from Trog
 10750 | Orc:2    | Noticed an orc high priest
 10755 | Orc:2    | Noticed an orc high priest
 10756 | Orc:2    | Noticed Maurice
 10756 | Orc:2    | Noticed an orc high priest
 10763 | Orc:2    | HP: 25/105 [sixfirhy[an orc high priest] (9)]
 10764 | Orc:2    | HP: 10/105 [sixfirhy[an orc high priest] (10)]
 10765 | Orc:2    | Killed from afar by an orc high priest

Vault maps used:
D:1:      ncdulo_smallfort, serial_bayou_pond_c, fountainhead
D:2:      uniq_robin
D:3:      uniq_iyjb, uniq_crazy_yiuf_cottage
D:4:      kennysheep_mini, temple_fountains
D:5:      tgw_trog, first_bread
D:6:      serial_shops, shop, st_stairs_10, lightli_orcish_oven, uniq_pikel
D:7:      lemuel_bear_cage, makhleb_altar_promises_db,
          gammafunk_temple_overflow_claw
D:8:      lemuel_crystal_altar, basic_altar, bh_chokoban
D:9:      minitemple, uniq_grum, uniq_prince_ribbit1
D:10:     serial_co_window_serial, co_window_corner_a, co_window_paths_a,
          co_window_corner_a, co_window_paths_a, co_window_corner_a,
          co_window_broadway_c, co_window_broadway_a, co_window_2corner,
          co_window_of_opportunity_b, co_window_of_opportunity_b,
          co_window_broadway_a, glass_columns_b, glass_columns_a,
          kennysheep_generic_room_14, uniq_fannar
D:11:     erik_lair_orcish_takeover, erik_orc_1, grunt_ogre_cave
Orc:1:    minmay_orc_temple_c, uniq_snorg
Orc:2:    st_orc_mages, serial_shops, nicolae_shop_behind_doors, uniq_maurice

Skill      XL: |  1  2  3  4  5  6  7  8  9 10 11 |
---------------+----------------------------------+-----
Armour         | 3 4 5 6 7 8 10 11 12 | 12.7
Axes           | 4 5 6 8 9 11 12 | 12.7
Fighting       | 4 5 6 7 8 9 |  9.5
Dodging        | 3 4 5 6 7 8 |  8.3
Throwing       | 1 2 3 4 5 6 |  6.8
Evocations     | 2 4 |  4.4

Action                   |  1- 3 |  4- 6 |  7- 9 | 10-12 || total
-------------------------+-------+-------+-------+-------++-------
Melee: Hand axe          |    97 |   115 |   207 |    30 ||   449
       Headbutt          |    23 |    14 |    52 |    61 ||   150
       Battleaxe         |       |       |       |   180 ||   180
       Executioner's axe |       |       |       |    95 ||    95
Throw: Tomahawk          |       |    37 |   167 |   289 ||   493
Invok: Berserk           |       |     4 |     3 |     5 ||    12
       Trog's Hand       |       |       |       |     2 ||     2
  Use: Scroll            |       |     9 |     7 |     7 ||    23
       Potion            |       |     1 |       |     1 ||     2
  Eat: Meat ration       |     1 |       |     1 |       ||     2
       Chunk             |       |    10 |     6 |    15 ||    31
       Fruit             |       |     1 |       |     2 ||     3
       Royal jelly       |       |       |     2 |     1 ||     3
Armor: Animal skin       |    28 |    11 |       |       ||    39
       Scale mail        |       |    31 |    59 |       ||    90
       Chain mail        |       |       |    42 |   189 ||   231
Dodge: Dodged            |    68 |    73 |   119 |   204 ||   464

Vault maps used:
D:1:      ncdulo_smallfort, serial_bayou_pond_c, fountainhead
D:2:      uniq_robin
D:3:      uniq_iyjb, uniq_crazy_yiuf_cottage
D:4:      kennysheep_mini, temple_fountains
D:5:      tgw_trog, first_bread
D:6:      serial_shops, shop, st_stairs_10, lightli_orcish_oven, uniq_pikel
D:7:      lemuel_bear_cage, makhleb_altar_promises_db,
          gammafunk_temple_overflow_claw
D:8:      lemuel_crystal_altar, basic_altar, bh_chokoban
D:9:      minitemple, uniq_grum, uniq_prince_ribbit1
D:10:     serial_co_window_serial, co_window_corner_a, co_window_paths_a,
          co_window_corner_a, co_window_paths_a, co_window_corner_a,
          co_window_broadway_c, co_window_broadway_a, co_window_2corner,
          co_window_of_opportunity_b, co_window_of_opportunity_b,
          co_window_broadway_a, glass_columns_b, glass_columns_a,
          kennysheep_generic_room_14, uniq_fannar
D:11:     erik_lair_orcish_takeover, erik_orc_1, grunt_ogre_cave
Orc:1:    minmay_orc_temple_c, uniq_snorg
Orc:2:    st_orc_mages, serial_shops, nicolae_shop_behind_doors, uniq_maurice

Table legend:
 A = Turns spent in this place as a percentage of turns spent in the entire game.
 B = Non-inter-level travel turns spent in this place as a percentage of non-inter-level travel turns spent in the entire game.
 C = Inter-level travel turns spent in this place as a percentage of turns spent in this place.
 D = Turns resting spent in this place as a percentage of non-inter-level travel turns spent in this place.
 E = Turns spent auto-exploring this place as a percentage of non-inter-level travel turns spent in this place.
 F = Non-inter-level travel turns spent in this place divided by the number of levels of this place that you've seen.
                   A       B       C       D       E      F
               +-------+-------+-------+-------+-------+----------------------
         Total | 100.0 | 100.0 |   0.7 |   3.0 |  16.0 | 183.8
       Dungeon |  96.3 |  96.3 |   0.7 |   3.1 |  16.3 | 209.2
  Orcish Mines |   3.7 |   3.7 |   1.1 |   0.0 |   9.1 |  44.0
               +-------+-------+-------+-------+-------+----------------------

Table legend:
 A = Kills in this place as a percentage of kills in entire the game.
 B = Kills by you in this place as a percentage of kills by you in the entire game.
 C = Kills by friends in this place as a percentage of kills by friends in the entire game.
 D = Other kills in this place as a percentage of other kills in the entire game.
 E = Experience gained in this place as a percentage of experience gained in the entire game.
 F = Experience gained in this place divided by the number of levels of this place that you have seen.
                   A       B       C       D       E      F
               +-------+-------+-------+-------+-------+----------------------
         Total | 100.0 | 100.0 |  -nan |  -nan | 100.0 | 1899.9
       Dungeon |  92.9 |  92.9 |  -nan |  -nan |  92.7 | 2080.5
  Orcish Mines |   7.1 |   7.1 |  -nan |  -nan |   7.3 | 907.0
               +-------+-------+-------+-------+-------+----------------------
